AoeStats
← TheButcher

Black Forest

506695782Analyzed
4v4 RM · 18d ago on Sep 14, 2026· 56m 1s· 8 players
Game mode
Random Map
Map size
Large (8 player)
Population
200
Speed
Normal
Resources
Standard
Victory
Conquest
Starting age
Dark Age
Ending age
Imperial Age
RankedLock teamsTeams togetherTeam positionsShared explorationLock speedFull tech treeHidden civsTurbo modeCheats
Victory
Defeat
🇵🇪 Persians · Peru
739
+12
🇲🇽 Byzantines · Mexico
699
+14
🇹🇼 Bohemians · Taiwan
683
+15
🇦🇹 Byzantines · Austria
635
+16
🇹🇷 Wu · Türkiye
702
-16
🇹🇷 Turks · Türkiye
669
-15
🇧🇬 Huns · Bulgaria
628
-13
🇷🇺 Japanese · Russia
626
-13
TheButcher
14:17 Feudal Age
15:43 Wheelbarrow
14:55 Loom
14:56 Town Watch
21:54 Castle Age
29:35 Stone Mining
30:15 Horse Collar
31:10 Double-Bit Axe
36:50 Bow Saw
36:38 Gold Mining
37:14 Heavy Plow
39:08 Caravan
43:47 Imperial Age
bigame
12:31 Feudal Age
19:25 Castle Age
32:16 Imperial Age
29:35 Horse Collar
29:47 Double-Bit Axe
32:11 Wheelbarrow
31:54 Gold Mining
31:55 Stone Mining
32:17 Heavy Plow
32:42 Bow Saw
32:59 Ballistics
32:34 Fletching
32:44 Padded Archer Armor
34:27 Gold Shaft Mining
34:52 Hand Cart
35:40 Bodkin Arrow
35:46 Padded Archer Armor
35:47 Scale Mail Armor
37:11 Two-Man Saw
37:06 Bracer
37:22 Leather Archer Armor
37:55 Conscription
38:16 Elite Janissary
42:22 Husbandry
42:33 Bloodlines
42:49 Squires
42:35 Arson
51:40 Loom
Anesthetized
13:58 Feudal Age
14:33 Double-Bit Axe
19:12 Wheelbarrow
23:27 Castle Age
21:41 Stone Mining
22:23 Horse Collar
23:16 Gold Mining
25:01 Bow Saw
30:44 Heavy Plow
35:07 Imperial Age
33:12 Hand Cart
36:00 Gold Shaft Mining
35:47 Masonry
35:50 Fortified Wall
35:48 Caravan
37:06 Two-Man Saw
38:00 Town Watch
38:30 Pikeman
38:56 Arson
39:12 Squires
39:26 Forging
39:16 Scale Mail Armor
38:44 Elite Samurai
41:50 Halberdier
46:56 Conscription
49:55 Kataparuto
Ramizpaşa
1:07 Loom
12:26 Feudal Age
17:08 Double-Bit Axe
17:10 Horse Collar
17:18 Double-Bit Axe
20:44 Castle Age
19:02 Stone Mining
19:02 Gold Mining
20:21 Fletching
20:41 Forging
20:32 Padded Archer Armor
22:43 Scale Mail Armor
23:50 Leather Archer Armor
25:36 Bow Saw
28:12 Heavy Plow
33:36 Town Watch
34:26 Wheelbarrow
37:37 Imperial Age
35:20 Town Patrol
36:10 Bodkin Arrow
36:51 Iron Casting
36:31 Chain Mail Armor
36:21 Scale Barding Armor
36:53 Red Cliffs Tactics
37:20 Ballistics
36:44 Treadmill Crane
36:55 Guard Tower
37:27 Heated Shot
38:45 Stone Shaft Mining
38:46 Gold Shaft Mining
39:37 Two-Man Saw
39:10 Conscription
39:41 Hand Cart
39:45 Chain Mail Armor
39:34 Sitting Tiger
39:41 Caravan
40:28 Coinage
40:38 Elite Fire Archer
43:15 Bracer
44:16 Blast Furnace
43:46 Plate Mail Armor
43:36 Chain Barding Armor
43:22 Squires
42:42 Pikeman
43:08 Arson
43:30 Husbandry
44:09 Guilds
44:30 Banking
45:47 Heavy Hei Guang Cavalry
46:08 Halberdier
48:27 Onager
52:15 Plate Barding Armor
yabin.belrojo
0:33 Loom
12:50 Feudal Age
15:42 Wheelbarrow
22:45 Castle Age
21:57 Double-Bit Axe
22:01 Horse Collar
26:16 Gold Mining
31:58 Imperial Age
30:28 Heavy Plow
31:26 Gold Shaft Mining
31:24 Stone Mining
32:13 Bow Saw
34:42 Stone Shaft Mining
37:05 Hand Cart
38:15 Conscription
39:08 Chemistry
38:51 Crop Rotation
39:44 Two-Man Saw
40:17 Onager
40:27 Elite Skirmisher
40:44 Capped Ram
42:21 Logistica
43:07 Caravan
43:40 Siege Ram
45:37 Elite Cataphract
48:52 Scale Barding Armor
48:47 Scale Mail Armor
48:58 Forging
54:41 Chain Barding Armor
54:37 Chain Mail Armor
54:57 Iron Casting
jhadir
12:13 Feudal Age
17:33 Castle Age
16:20 Double-Bit Axe
16:20 Horse Collar
27:02 Gold Mining
27:06 Stone Mining
28:26 Heavy Plow
28:37 Bow Saw
32:17 Imperial Age
31:40 Wheelbarrow
31:23 Caravan
32:49 Hand Cart
33:40 Chemistry
33:01 Ballistics
34:18 Two-Man Saw
34:01 Forging
33:57 Scale Barding Armor
34:56 Cavalier
35:37 Husbandry
35:47 Bloodlines
36:21 Iron Casting
36:07 Chain Barding Armor
37:25 Conscription
36:33 Savar
38:41 Loom
38:42 Town Watch
40:06 Blast Furnace
39:41 Plate Barding Armor
38:49 Elite War Elephant
48:41 Scale Mail Armor
52:17 Gold Shaft Mining
53:43 Coinage
53:24 Guilds
Edward
12:27 Feudal Age
13:32 Double-Bit Axe
20:41 Castle Age
23:52 Elite Skirmisher
27:22 Bow Saw
34:04 Imperial Age
34:28 Chemistry
34:44 Caravan
36:24 Padded Archer Armor
36:14 Fletching
36:35 Forging
36:25 Scale Mail Armor
36:31 Scale Barding Armor
35:49 Pikeman
36:30 Squires
36:54 Ballistics
36:16 Treadmill Crane
36:48 Masonry
38:04 Wheelbarrow
38:31 Two-Man Saw
38:08 Guilds
37:26 Elite Hussite Wagon
39:16 Hand Cart
39:51 Wagenburg Tactics
41:30 Fervor
41:04 Houfnice
42:07 Conscription
44:26 Halberdier
48:14 Iron Casting
47:35 Bodkin Arrow
47:55 Leather Archer Armor
47:56 Chain Mail Armor
48:01 Chain Barding Armor
jonmyr
13:21 Feudal Age
18:24 Wheelbarrow
18:00 Double-Bit Axe
18:53 Man-at-Arms
20:55 Horse Collar
24:34 Castle Age
23:12 Stone Mining
26:04 Bow Saw
25:59 Heavy Plow
25:40 Pikeman
26:21 Squires
29:46 Forging
29:36 Scale Mail Armor
29:42 Scale Barding Armor
30:51 Hand Cart
32:06 Iron Casting
31:38 Scale Barding Armor
32:19 Caravan
34:14 Chain Mail Armor
34:00 Padded Archer Armor
33:50 Fletching
35:22 Chain Barding Armor
35:51 Ballistics
35:27 Murder Holes
36:41 Leather Archer Armor
36:21 Bodkin Arrow
41:34 Imperial Age
43:08 Conscription
42:59 Logistica
43:14 Logistica
45:05 Two-Man Saw
43:59 Gold Mining
44:45 Stone Shaft Mining
47:11 Chemistry
47:14 Elite Cataphract
49:07 Gold Shaft Mining
48:23 Heavy Cavalry Archer
49:47 Plate Barding Armor
49:43 Ring Archer Armor
49:49 Plate Mail Armor
49:33 Bracer
50:10 Loom
51:54 Thumb Ring
52:30 Hoardings
54:09 Halberdier
55:23 Fervor
Connection lost

Rejoining the realm…

Still unreachable

The connection could not be restored.

Session expired

The server has moved on; the page needs a fresh start.